Map: Arctic Dream LE

Players

Kapasko - Winner!

  • Race: Zerg Zerg
  • Spawn Location: 12:00

Raptorilla - Winner!

  • Race: Protoss Protoss
  • Spawn Location: 11:00

qqq

  • Race: Zerg Zerg
  • League: Platinum
  • Spawn Location: 6:00

Massa

  • Race: Terran Terran
  • League: Platinum
  • Spawn Location: 5:00

VOD

Have the link to the VOD?

Description

Time

  • Played on: Nov. 20, 2020, 12:53 p.m.
  • Length: 20:50
Show
View Real Time Build Order
Export as new Build Order

Kapasko Zerg - Winner!

Build Orders: Hatch First, Lurkers 

Get SALT Encoding   

  12  0:00  Drone  
  13  0:13  Overlord  
  13  0:17  Drone  
  14  0:32  Drone x2  
  16  0:46  Drone  
  17  0:54  Hatchery  
  16  0:58  Drone x2  
  18  1:13  Extractor  
  18  1:14  Spawning Pool  
  18  1:17  Drone  
  17  1:25  Drone  
  18  1:37  Drone  
  19  1:45  Drone  
  20  1:58  Overlord  
  20  2:02  Queen  
  20  2:05  Queen  
  20  2:06  Zergling x2  
  20  2:07  Zergling x2  
  26  2:17  Metabolic Boost  
  26  2:26  Drone x3  
  29  2:42  Drone x2  
  31  2:46  Hatchery  
  31  2:49  Baneling Nest  
  29  2:58  Drone x3  
  32  3:18  Drone  
  32  3:19  Drone x3, Overlord  
  36  3:21  Lair  
  36  3:31  Overlord  
  36  3:41  Zergling x10  
  40  3:48  Zergling x2  
  40  3:49  Zergling x4  
  43  3:59  Drone x2  
  43  4:00  Baneling  
  43  4:02  Baneling  
  45  4:10  Drone x2  
  45  4:11  Drone x2, Queen  
  50  4:21  Baneling  
  50  4:31  Zergling x18  
  52  4:33  Baneling  
  58  4:51  Extractor, Roach Warren  
  58  4:52  Drone x3  
  58  4:53  Extractor x2  
  58  4:57  Baneling x2  
  55  5:07  Spine Crawler  
  55  5:10  Drone  
  55  5:11  Drone x3  
  58  5:21  Evolution Chamber  
  57  5:42  Spine Crawler  
  54  5:44  Spine Crawler  
  53  5:56  Baneling  
  53  5:57  Baneling x2, Roach  
  53  5:58  Roach  
  57  6:05  Zerg Missile Weapons Level 1  
  57  6:08  Glial Reconstitution  
  57  6:12  Overlord x2  
  57  6:13  Overlord  
  53  6:32  Drone x17  
  70  6:40  Extractor  
  69  7:03  Roach x6  
  81  7:14  Hydralisk Den  
  80  7:18  Drone x3, Infestation Pit  
  80  7:19  Overlord  
  80  7:20  Overlord x3  
  82  7:49  Hatchery  
  77  8:01  Hive  
  77  8:02  Zerg Missile Weapons Level 2  
  77  8:05  Lurker Den, Muscular Augments  
  76  8:07  Roach x10  
  76  8:08  Hydralisk x8  
  112  8:16  Drone x2  
  112  8:18  Overlord x2  
  114  8:30  Overseer  
  114  8:37  Pneumatized Carapace  
  114  8:39  Drone x5  
  114  8:40  Drone x5  
  124  9:01  Hydralisk x2  
  128  9:03  Overlord x3  
  128  9:10  Overlord x3  
  128  9:11  Overlord x2  
  128  9:15  Extractor  
  127  9:21  Overlord x4  
  127  9:24  Spore Crawler  
  127  9:25  Spore Crawler  
  127  9:28  Spore Crawler  
  127  9:30  Spore Crawler  
  123  9:34  Lurker  
  123  9:35  Lurker x6  
  130  9:43  Ravager x8  
  138  9:55  Hydralisk  
  138  9:56  Hydralisk x3  
  118  10:13  Hydralisk x5  
  82  10:26  Lurker x2  
  84  10:37  Hydralisk x3  
  75  10:51  Hydralisk  
  75  10:52  Hydralisk x2  
  81  11:06  Drone x3  
  84  11:14  Queen  
  86  11:20  Hydralisk  
  86  11:21  Hydralisk x7  
  102  11:30  Extractor  
  102  11:31  Drone x2  
  102  11:32  Drone x2  
  105  11:33  Drone x2  
  105  11:35  Drone x3  
  105  11:36  Drone x3, Extractor  
  105  11:38  Drone x5  
  117  11:41  Zerg Missile Weapons Level 3  
  117  11:48  Adaptive Talons  
  117  12:12  Viper x2  
  117  12:14  Hydralisk x3  
  117  12:15  Hydralisk  
  123  12:34  Hydralisk x3  
  123  12:35  Hydralisk x4, Spore Crawler  
  123  12:36  Spore Crawler  
  135  12:39  Lurker  
  135  12:56  Spore Crawler  
  135  12:57  Spore Crawler  
  133  13:11  Drone x4  
  133  13:12  Drone x4  
  141  13:14  Drone  
  141  13:16  Drone x2  
  141  13:17  Drone x6  
  150  13:24  Seismic Spines, Hydralisk  
  150  13:25  Hydralisk x5  
  162  13:40  Hydralisk x6  
  162  13:41  Hydralisk x5  
  174  13:46  Lurker x4  
  188  13:50  Overlord  
  188  13:55  Roach Warren  
  187  14:00  Lurker x2  
  187  14:01  Lurker  
  190  14:05  Hatchery  
  190  14:08  Overlord  
  189  14:10  Lurker x2  
  191  14:50  Lurker  
  191  14:51  Lurker x4  
  191  14:52  Zergling x8  
  183  15:25  Hydralisk x6  
  183  15:26  Hydralisk x2  
  196  15:43  Viper  
  199  15:53  Zerg Ground Armor Level 1  
  164  16:16  Hydralisk x7  
  164  16:17  Hydralisk x6  
  142  16:33  Hydralisk x6  
  142  16:34  Hydralisk x2  
  146  16:53  Drone x7  
  146  16:54  Drone x2  
  152  16:59  Lurker x12  
  152  17:01  Hydralisk x4  
  153  17:17  Hydralisk x3  
  153  17:18  Hydralisk x5  
  161  17:34  Hydralisk  
  161  17:35  Hydralisk x8  
  172  17:53  Hydralisk x5  
  180  18:11  Hydralisk x8  
  196  18:14  Zerg Ground Armor Level 2  
  196  18:17  Hatchery, Overseer x2  
  188  19:17  Viper x2  
  177  19:27  Hydralisk x5, Lurker x4  
  185  19:47  Spore Crawler  
  185  19:48  Extractor x2  
  185  19:50  Spore Crawler x2  
  185  19:51  Spore Crawler  
  193  20:33  Overseer x2  
  195  20:39  Hatchery  
Show
View Real Time Build Order
Export as new Build Order

Raptorilla Protoss - Winner!

Build Orders:  

Get SALT Encoding   

  12  0:00  Probe  
  13  0:12  Probe  
  14  0:17  Pylon  
  14  0:24  Probe  
  15  0:37  Probe  
  15  0:38  Gateway  
  16  0:49  Probe  
  17  0:50  Assimilator  
  17  1:01  Probe  
  17  1:02  Assimilator  
  18  1:14  Pylon  
  18  1:26  Cybernetics Core  
  19  1:32  Probe (Chrono Boost)  
  19  1:42  Pylon  
  19  1:45  Probe (Chrono Boost)  
  20  1:55  Nexus  
  20  1:59  Probe  
  21  2:02  Warp Gate  
  21  2:12  Probe  
  22  2:19  Pylon  
  22  2:36  Pylon  
  22  2:38  Gateway  
  22  2:42  Stalker  
  24  2:45  Probe (Chrono Boost)  
  25  2:57  Probe (Chrono Boost)  
  26  3:02  Twilight Council  
  26  3:03  Probe (Chrono Boost)  
  27  3:11  Probe  
  28  3:23  Probe  
  28  3:26  Probe  
  30  3:36  Probe  
  30  3:39  Probe  
  32  3:47  Charge (Chrono Boost)  
  32  3:48  Probe  
  33  3:51  Probe  
  33  3:52  Zealot x2  
  38  3:59  Gateway  
  38  4:00  Probe (Chrono Boost)  
  38  4:01  Gateway  
  39  4:04  Probe (Chrono Boost)  
  40  4:12  Probe (Chrono Boost)  
  40  4:14  Probe (Chrono Boost)  
  42  4:17  Probe (Chrono Boost)  
  42  4:18  Probe (Chrono Boost)  
  42  4:23  Gateway  
  44  4:26  Probe  
  44  4:29  Probe  
  47  4:38  Probe  
  47  4:44  Zealot x2  
  51  4:47  Probe  
  51  4:50  Probe, Assimilator  
  53  4:54  Pylon  
  53  4:55  Assimilator  
  53  4:57  Pylon  
  53  4:58  Pylon  
  53  4:59  Probe, Zealot  
  56  5:00  Zealot  
  56  5:02  Probe  
  59  5:10  Sentry  
  59  5:11  Probe  
  59  5:13  Sentry  
  64  5:27  Probe x2  
  66  5:39  Probe, Gateway x2  
  66  5:42  Gateway  
  67  5:57  Pylon  
  67  6:01  Pylon  
  59  6:12  Zealot x4  
  65  6:31  Zealot  
  65  6:32  Zealot x3  
  67  6:33  Zealot  
  71  6:41  Probe x2  
  73  6:48  Zealot  
  73  6:53  Probe x2  
  77  7:03  Nexus  
  77  7:08  Pylon  
  77  7:11  Pylon  
  77  7:20  Zealot x2  
  77  7:21  Zealot x4  
  89  7:29  Gateway  
  89  7:31  Gateway  
  89  7:32  Gateway  
  89  7:35  Gateway  
  89  7:36  Gateway  
  89  7:39  Gateway  
  89  7:40  Gateway  
  89  7:44  Pylon  
  89  7:48  Templar Archives  
  89  7:49  Gateway  
  78  7:51  Zealot  
  78  7:52  Gateway, Zealot x6  
  78  7:53  Zealot  
  86  8:13  Nexus  
  86  8:15  Psionic Storm  
  86  8:17  Gateway  
  86  8:22  Probe x2, Gateway  
  88  8:29  High Templar x3  
  88  8:31  High Templar  
  96  8:34  Probe  
  96  8:35  Probe  
  96  8:40  High Templar x2  
  96  8:41  High Templar x4  
  106  8:44  High Templar x2  
  106  8:46  High Templar  
  116  8:48  Archon x2  
  116  8:49  Archon x2  
  116  8:50  Archon x2  
  116  8:53  High Templar  
  118  8:57  Archon  
  118  9:03  Zealot x2  
  118  9:04  Zealot x2  
  126  9:17  Forge  
  126  9:23  Forge  
  126  9:29  Stalker x2  
  126  9:30  Stalker x2  
  134  9:35  Pylon  
  134  9:43  Protoss Ground Weapons Level 1 (Chrono Boost)  
  96  10:08  Zealot x2, Pylon  
  96  10:09  Zealot x6  
  96  10:10  Zealot x3  
  118  10:18  High Templar x2  
  118  10:19  High Templar x2  
  126  10:22  Archon  
  126  10:23  Archon  
  126  10:28  Assimilator  
  126  10:31  Assimilator  
  126  10:38  Pylon  
  126  10:40  Pylon  
  126  10:42  Pylon, Protoss Ground Armor Level 1 (Chrono Boost)  
  126  10:44  Pylon  
  110  11:22  Zealot x2  
  110  11:23  Zealot x5  
  110  11:24  Nexus, Zealot x6  
  136  11:27  Pylon  
  136  11:28  High Templar x2  
  136  11:29  High Templar x2  
  136  11:30  Pylon  
  145  11:47  Probe x2 (Chrono Boost)  
  145  11:51  Probe (Chrono Boost)  
  147  11:58  Probe x2 (Chrono Boost)  
  150  12:02  Probe (Chrono Boost), Gateway  
  150  12:03  Gateway  
  150  12:09  Gateway  
  150  12:12  Gateway, Assimilator  
  150  12:16  Assimilator  
  150  12:18  Probe x2  
  150  12:19  Photon Cannon  
  150  12:21  Photon Cannon x2  
  152  12:24  Protoss Ground Weapons Level 2 (Chrono Boost)  
  152  12:37  Protoss Ground Armor Level 2 (Chrono Boost)  
  152  12:43  Zealot x4  
  160  12:47  High Templar x2  
  160  12:48  High Templar  
  166  12:53  Archon  
  166  13:31  Gateway x2  
  166  13:36  Pylon  
  166  13:41  Zealot x3  
  166  13:42  Zealot x7  
  166  13:43  Zealot x3  
  166  13:46  Stalker x4  
  166  13:47  Stalker  
  153  14:29  High Templar x3  
  153  14:30  High Templar x3  
  120  14:34  Archon  
  42  14:54  Zealot  
  42  14:55  Zealot x5  
  42  14:56  Zealot x5  
  42  14:57  Zealot x4  
  42  14:59  Zealot x2  
  76  15:02  Probe (Chrono Boost)  
  76  15:03  Probe x2 (Chrono Boost)  
  79  15:12  Probe x2 (Chrono Boost)  
  79  15:13  Probe (Chrono Boost)  
  82  15:17  Probe x3 (Chrono Boost)  
  84  15:30  Nexus  
  84  15:33  Probe (Chrono Boost)  
  87  15:39  Probe x2 (Chrono Boost), Pylon  
  88  15:43  Probe (Chrono Boost)  
  88  15:47  Probe x2 (Chrono Boost)  
  90  15:50  Probe  
  91  15:57  Probe x2  
  91  16:02  Probe  
  88  16:09  Probe  
  88  16:10  Probe  
  90  16:13  Protoss Ground Armor Level 3 (Chrono Boost), Protoss Ground Weapons Level 3 (Chrono Boost)  
  70  16:24  Probe x3 (Chrono Boost)  
  66  16:34  Probe x2 (Chrono Boost)  
  66  16:36  Probe (Chrono Boost)  
  66  16:39  Probe x2 (Chrono Boost)  
  68  16:43  Probe  
  71  16:50  Probe x2  
  71  16:52  Nexus  
  73  17:03  Zealot x3  
  73  17:07  Zealot x5  
  73  17:08  Zealot x5  
  95  17:09  Zealot x2  
  103  17:28  Archon  
  71  18:39  High Templar x7  
  67  18:42  Archon  
  67  18:43  Archon x2  
  60  18:49  High Templar  
  60  18:50  High Templar  
  60  18:52  High Templar, Zealot x3  
  60  18:53  Zealot x5  
  81  18:57  Archon  
  81  18:58  Archon  
  73  19:16  Zealot x3  
  79  19:17  Zealot x4  
  79  19:18  Zealot x4  
  79  19:19  Zealot x5  
  98  19:46  Zealot x2  
  98  19:47  Zealot  
  98  19:48  Zealot x2  
  98  19:49  Zealot x3  
  106  20:00  Stalker x4  
  106  20:01  Stalker  
  116  20:24  Probe (Chrono Boost)  
  116  20:25  Probe (Chrono Boost)  
  120  20:28  Probe (Chrono Boost)  
  120  20:29  Probe (Chrono Boost)  
  120  20:34  Probe (Chrono Boost)  
  120  20:35  Probe (Chrono Boost)  
  122  20:39  Probe (Chrono Boost)  
  122  20:41  Probe (Chrono Boost)  
Show
View Real Time Build Order
Export as new Build Order

qqq Zerg 

Build Orders: Hatch First, Brood Lord Corruptor 

Get SALT Encoding   

  12  0:01  Drone  
  13  0:08  Drone  
  14  0:17  Overlord  
  14  0:48  Hatchery  
  13  0:54  Drone x2  
  13  0:55  Drone  
  16  1:15  Drone  
  17  1:18  Spawning Pool  
  17  1:19  Drone  
  17  1:21  Extractor  
  16  1:36  Drone  
  17  1:41  Drone  
  18  1:50  Drone  
  19  2:06  Queen  
  19  2:08  Queen  
  23  2:21  Hatchery  
  23  2:22  Drone  
  23  2:24  Drone  
  24  2:31  Metabolic Boost  
  24  2:34  Drone  
  24  2:39  Drone  
  24  2:41  Zergling x2  
  26  2:47  Zergling x2  
  27  2:52  Overlord  
  27  2:55  Zergling x2  
  28  3:04  Baneling Nest  
  28  3:05  Zergling x2  
  28  3:11  Zergling x4  
  30  3:13  Zergling x2  
  30  3:16  Drone  
  32  3:20  Drone  
  32  3:23  Zergling x2  
  32  3:25  Drone  
  35  3:38  Drone  
  35  3:39  Zergling x4  
  35  3:40  Zergling x2  
  39  3:44  Drone x2  
  41  3:49  Baneling x2  
  41  3:50  Baneling  
  41  3:55  Zergling x2  
  42  4:01  Overlord x2  
  42  4:08  Overlord  
  42  4:18  Queen  
  42  4:21  Zergling x6  
  42  4:22  Drone  
  39  4:32  Zergling x2  
  39  4:33  Zergling x8  
  39  4:38  Zergling x2  
  44  4:40  Baneling x2  
  44  4:42  Zergling x4  
  44  4:43  Drone  
  47  4:54  Zergling x6  
  47  4:55  Zergling x4  
  47  4:56  Drone  
  53  5:08  Baneling x3  
  53  5:09  Lair  
  53  5:10  Zergling x4  
  53  5:11  Drone  
  57  5:21  Drone x2  
  57  5:22  Drone x3  
  60  5:48  Zergling x8  
  60  5:49  Zergling x2  
  65  5:50  Overlord  
  65  5:51  Overlord x2  
  56  6:26  Zergling x12  
  56  6:27  Drone x5  
  56  6:28  Drone x4  
  70  6:40  Spire  
  70  6:41  Extractor  
  70  6:43  Extractor x2  
  70  6:44  Drone x5  
  70  6:45  Drone  
  72  6:50  Hatchery  
  69  7:01  Baneling x2  
  69  7:02  Baneling x6  
  69  7:08  Drone x2  
  69  7:09  Drone x2  
  73  7:16  Drone x2, Overlord x3  
  73  7:18  Drone x2  
  73  7:19  Drone x2  
  79  7:27  Queen  
  81  7:36  Extractor, Spore Crawler  
  79  7:37  Extractor  
  79  7:38  Spore Crawler  
  79  7:40  Spore Crawler  
  76  7:51  Hatchery  
  68  7:52  Hatchery  
  61  7:59  Spore Crawler x2  
  61  8:03  Mutalisk x3  
  61  8:04  Mutalisk x2  
  69  8:08  Drone x4  
  73  8:28  Queen  
  73  8:29  Drone x2  
  73  8:30  Drone x4  
  73  8:31  Mutalisk x2  
  73  8:32  Overlord x3  
  85  8:36  Zerg Flyer Weapons Level 1  
  85  8:43  Mutalisk x2  
  85  8:45  Mutalisk  
  91  8:51  Spine Crawler  
  91  8:53  Spine Crawler  
  90  8:55  Drone x3  
  90  8:56  Drone  
  90  9:00  Drone  
  90  9:01  Drone  
  95  9:06  Baneling x5  
  95  9:07  Baneling x5  
  95  9:09  Baneling  
  95  9:11  Mutalisk  
  95  9:13  Overlord  
  97  9:27  Mutalisk x2  
  97  9:28  Mutalisk  
  103  9:39  Infestation Pit  
  93  10:04  Mutalisk x5  
  103  10:10  Drone x2  
  103  10:11  Drone x10  
  115  10:19  Mutalisk x3  
  115  10:20  Overlord x5  
  119  10:54  Mutalisk x4  
  119  10:55  Mutalisk  
  119  10:56  Drone x5  
  130  10:57  Drone x7  
  130  11:00  Extractor  
  130  11:01  Extractor  
  135  11:08  Spine Crawler  
  135  11:09  Extractor  
  135  11:10  Hive  
  133  11:16  Extractor  
  133  11:17  Spine Crawler  
  131  11:18  Spine Crawler  
  131  11:19  Spine Crawler  
  131  11:20  Extractor  
  131  11:24  Spine Crawler  
  127  11:27  Spine Crawler  
  126  11:33  Drone x5  
  126  11:34  Drone x4  
  135  11:44  Mutalisk  
  135  11:45  Mutalisk x3  
  135  11:46  Spine Crawler  
  143  11:47  Zergling x10  
  143  11:49  Zergling x12  
  143  11:50  Centrifical Hooks  
  153  11:57  Evolution Chamber  
  152  12:02  Evolution Chamber  
  145  12:36  Greater Spire, Corruptor x2  
  145  12:37  Corruptor x7  
  155  13:10  Baneling x4  
  155  13:11  Baneling x18  
  155  13:12  Drone  
  156  13:13  Drone x15  
  171  13:22  Zerg Melee Weapons Level 1  
  171  13:36  Extractor  
  169  13:42  Spine Crawler  
  169  13:43  Spine Crawler  
  169  13:44  Spine Crawler  
  169  13:45  Spine Crawler  
  169  13:47  Spine Crawler x2  
  169  13:48  Spine Crawler  
  158  13:49  Spine Crawler x2  
  158  13:50  Spine Crawler x2  
  158  13:51  Spine Crawler  
  127  14:25  Spine Crawler  
  127  14:27  Spine Crawler  
  127  14:29  Spine Crawler x2  
  115  14:53  Brood Lord  
  115  14:54  Brood Lord x8  
  115  14:58  Corruptor x4  
  115  14:59  Corruptor x2  
  145  15:00  Overlord  
  141  15:23  Hatchery  
  141  15:28  Hatchery  
  125  15:29  Hatchery  
  103  15:47  Corruptor x2  
  103  15:48  Corruptor x3  
  105  15:55  Zerg Flyer Weapons Level 2  
  89  16:22  Mutalisk x3  
  91  16:57  Brood Lord  
  91  16:58  Brood Lord  
  91  16:59  Drone x5  
  91  17:00  Drone x2  
  102  17:26  Spine Crawler  
  102  17:28  Spine Crawler  
  102  17:29  Spine Crawler  
  89  17:32  Spine Crawler  
  89  17:33  Spine Crawler  
  87  17:40  Mutalisk x3  
  87  17:41  Drone  
  87  17:42  Drone x5  
  91  17:53  Mutalisk  
  91  17:54  Zergling x10  
  91  17:55  Zergling x16  
  91  17:56  Zergling x2  
  96  18:15  Hatchery  
  95  18:38  Mutalisk x4  
  103  18:42  Zergling x2  
  62  20:21  Drone x3  
  62  20:28  Extractor  
  63  20:29  Extractor  
  63  20:31  Hatchery  
  63  20:33  Drone  
  62  20:39  Spine Crawler  
  62  20:40  Spine Crawler  
Show
View Real Time Build Order
Export as new Build Order

Massa Terran 

Build Orders: Command Center First (CC) 

Get SALT Encoding   

  12  0:00  SCV  
  13  0:12  SCV  
  14  0:17  Supply Depot  
  14  0:25  SCV  
  15  0:52  Command Center  
  16  0:57  SCV  
  16  1:09  Barracks  
  16  1:12  SCV  
  17  1:22  Refinery  
  17  1:24  SCV  
  18  1:36  SCV  
  19  1:48  SCV  
  20  1:58  Supply Depot  
  20  2:01  Orbital Command  
  20  2:16  Command Center  
  20  2:22  Orbital Command  
  20  2:29  SCV  
  21  2:32  Reaper  
  22  2:41  SCV  
  23  2:49  SCV  
  23  2:50  Barracks  
  24  2:54  SCV  
  25  2:59  Refinery  
  25  3:01  SCV  
  25  3:04  Marine  
  27  3:06  SCV  
  28  3:13  SCV  
  28  3:18  SCV  
  28  3:19  Factory  
  30  3:28  Orbital Command  
  30  3:34  Barracks  
  30  3:37  Barracks  
  30  3:40  Barracks  
  30  3:43  Barracks Tech Lab, Engineering Bay  
  30  3:44  Barracks Reactor  
  29  3:52  SCV  
  29  3:53  SCV  
  29  3:54  SCV  
  32  4:05  SCV x2, Stimpack  
  32  4:06  Factory Tech Lab, SCV  
  35  4:12  Refinery  
  35  4:15  Refinery  
  35  4:17  Missile Turret  
  35  4:22  Missile Turret  
  35  4:24  Barracks Reactor  
  35  4:25  Barracks Tech Lab  
  35  4:29  Barracks Tech Lab  
  35  4:31  SCV x3  
  38  4:43  SCV x3  
  38  4:45  Marauder x2, Marine x2  
  49  4:52  Marauder  
  49  4:53  Combat Shield  
  49  4:55  Concussive Shells  
  49  5:03  Marine  
  49  5:05  Marine  
  49  5:06  Marauder, Marine x2  
  57  5:07  Marauder  
  57  5:12  Supply Depot  
  57  5:14  Marauder  
  59  5:17  SCV, Supply Depot  
  59  5:19  SCV  
  61  5:30  Supply Depot  
  61  5:34  Marauder, Missile Turret, Siege Tank  
  66  5:36  SCV  
  66  5:37  SCV  
  68  5:44  Starport  
  68  5:48  Marauder  
  68  5:49  Marine  
  70  5:50  Marine  
  70  5:51  Marine  
  70  5:56  SCV x3  
  78  6:04  Marauder  
  78  6:06  Siege Tank  
  81  6:12  Orbital Command  
  81  6:13  SCV x2  
  81  6:15  Marauder  
  85  6:22  Starport Reactor  
  85  6:32  Supply Depot  
  85  6:35  Supply Depot x2  
  85  6:39  Supply Depot  
  85  6:53  SCV, Marine  
  85  6:54  Marauder x3  
  93  6:56  Marine x3  
  93  6:57  Terran Infantry Armor Level 1  
  93  6:59  Armory  
  96  7:02  Engineering Bay  
  96  7:10  SCV x2  
  96  7:11  SCV, Marine, Engineering Bay  
  96  7:13  Medivac x2  
  96  7:15  Marauder x2  
  108  7:18  Marauder, Marine x2  
  108  7:22  SCV, Siege Tank  
  116  7:23  SCV  
  116  7:28  Supply Depot  
  117  7:36  Supply Depot x2  
  117  7:39  Supply Depot  
  117  7:40  Supply Depot  
  117  7:49  Refinery  
  117  7:50  Refinery, SCV x3, Medivac x2  
  124  7:59  Marauder x3, Marine, Supply Depot  
  124  8:00  Marine x2  
  124  8:02  SCV x2  
  124  8:04  Siege Tank  
  138  8:12  Terran Infantry Weapons Level 1  
  138  8:15  Terran Vehicle And Ship Armor Level 1  
  138  8:20  Medivac x2  
  138  8:21  Marauder x3  
  138  8:22  SCV x3, Supply Depot  
  151  8:31  Marine x4  
  156  8:34  SCV  
  156  8:42  Marauder x3  
  162  8:49  Marine  
  162  8:51  Marine x3  
  166  9:03  Marauder  
  166  9:04  Marauder x2  
  166  9:07  Marine  
  166  9:08  Command Center  
  173  9:11  Command Center  
  173  9:21  Supply Depot  
  173  9:22  Supply Depot  
  173  9:23  Supply Depot  
  173  9:43  Siege Tank  
  173  9:44  Supply Depot  
  176  9:46  Supply Depot x2  
  142  10:07  Supply Depot  
  142  10:08  Supply Depot  
  142  10:10  Marauder, Supply Depot  
  142  10:11  Marauder x2, Marine x4  
  106  10:15  Siege Tank  
  108  10:31  Marauder  
  108  10:32  Marauder x2  
  108  10:33  Marine x2  
  108  10:34  Marine x2  
  118  10:38  Planetary Fortress  
  118  10:41  Planetary Fortress  
  118  10:42  SCV x3  
  121  10:47  Siege Tank  
  121  10:48  Barracks  
  121  10:49  Barracks  
  124  10:51  Barracks, Marine x3  
  124  10:52  Marine  
  124  10:53  Marauder  
  124  10:54  SCV x3, Marauder x2, Factory  
  124  10:55  Barracks  
  126  10:58  Starport  
  107  11:09  Marine x3  
  107  11:10  Marine  
  104  11:14  Marauder, Marine  
  104  11:15  Marauder  
  109  11:27  Marine x4  
  109  11:29  Medivac x2  
  117  11:33  Terran Infantry Weapons Level 2, Terran Infantry Armor Level 2, Marauder  
  117  11:36  Marauder x2, Terran Vehicle Weapons Level 1  
  123  11:41  Smart Servos  
  123  11:42  Armory  
  123  11:44  Marine x2  
  127  11:54  Marauder  
  127  11:57  Marauder  
  127  11:58  Factory Tech Lab, Marauder, Medivac  
  127  11:59  Barracks Tech Lab, Medivac  
  127  12:00  Barracks Tech Lab  
  135  12:01  Barracks Reactor  
  135  12:02  Barracks Tech Lab  
  135  12:04  Starport Reactor  
  135  12:10  Marine x4  
  135  12:12  Command Center  
  141  12:16  Marauder  
  141  12:18  Marauder  
  141  12:19  SCV x4, Marauder  
  141  12:20  SCV  
  150  12:28  Medivac  
  150  12:29  Refinery  
  152  12:31  Refinery  
  154  12:37  Marauder  
  154  12:44  Siege Tank x2  
  154  12:45  Command Center  
  154  12:46  Liberator  
  154  12:47  Liberator x2  
  169  12:52  Fusion Core  
  169  12:58  Liberator  
  169  12:59  Drilling Claws  
  172  13:06  Marauder  
  172  13:07  Marauder x2  
  178  13:16  Siege Tank x2  
  184  13:43  Marauder, Marine x2  
  184  13:44  Marauder x2, Marine x4  
  184  13:45  Marauder  
  198  13:57  Command Center  
  155  14:58  Marauder x3, Marine x2  
  155  14:59  Marauder, Thor x2  
  177  15:01  Liberator x2  
  177  15:02  Medivac x2  
  121  15:25  Marauder x6, Marine  
  121  15:26  Marine x4  
  121  15:27  Marine  
  121  15:28  Planetary Fortress  
  137  15:29  Planetary Fortress  
  137  15:36  Liberator x2  
  137  15:42  Thor, Siege Tank  
  152  15:43  Marine x2  
  152  15:44  Liberator, Marine x4  
  152  15:46  Marauder x4  
  152  15:47  Marauder x2  
  156  16:01  Marine x2  
  156  16:02  Marine x2  
  143  16:07  Marauder x3  
  143  16:08  Marauder x3  
  143  16:10  Marine  
  148  16:14  Siege Tank  
  144  16:24  Thor  
  150  16:29  Marauder x2  
  143  16:37  Marauder x2, Marine  
  143  16:38  Marine x2  
  150  16:46  Thor, Missile Turret  
  156  16:52  Missile Turret  
  156  16:56  Missile Turret  
  156  17:05  Refinery  
  156  17:06  Refinery  
  156  17:07  Thor, Missile Turret  
  162  17:13  Missile Turret  
  162  17:16  Missile Turret  
  162  17:19  Command Center  
  162  17:29  Thor  
  167  17:31  Terran Infantry Weapons Level 3, Terran Infantry Armor Level 3  
  167  17:38  Refinery, Planetary Fortress  
  167  17:40  Refinery  
  167  17:50  Thor  
  173  18:07  Barracks Tech Lab  
  173  18:09  Barracks Tech Lab, Command Center  
  173  18:12  Thor  
  179  18:15  Medivac  
  177  18:33  Thor  
  162  18:54  Thor  
  168  19:03  Command Center x2  
  133  19:16  Marauder x2, Marine  
  133  19:17  Marauder x5, Marine x3  
  98  19:34  Orbital Command, Marine x4  
  98  19:37  Marauder, Marine x4  
  108  19:44  SCV  
  108  19:45  SCV x2  
  111  19:50  Marine  
  112  19:57  SCV  
  113  20:03  Siege Tank x2  
  119  20:09  Medivac x2  
  119  20:11  Medivac  
  125  20:24  Marauder x3, Marine x2  
  125  20:25  Marine  
Tags
 
Add a new tag
Caveats
  • Supply blocks, unpowered buildings, or Contaminate may cause inaccurate times.
  • Supply counts are checked every 10 seconds.